 Dungeon Crawl Stone Soup version 0.19-a0-1888-g6ba2374 (webtiles) character file.

8310 Naow the Blocker (level 11, -20/77 HPs)
             Began as a Formicid Fighter on Oct 17, 2016.
             Was an Elder of Okawaru.
             Killed from afar by a frost giant (37 damage)
             ... with a bolt of cold
             ... on level 9 of the Dungeon.
             The game lasted 00:24:26 (8847 turns).

Naow the Blocker (Formicid Fighter)                 Turns: 8847, Time: 00:24:26

Health: -20/77     AC: 17    Str: 24    XL:     11   Next: 53%
Magic:  14/20      EV: 13    Int:  6    God:    Okawaru [****..]
Gold:   626        SH: 16    Dex: 10    Spells: 0 memorised, 10 levels left

rFire  + + +     SeeInvis +     a - +0 war axe
rCold  . . .     Gourm    .     b - +0 scale mail
rNeg   + . .     Faith    .     c - +1 shield
rPois  .         Spirit   .     (helmet unavailable)
rElec  +         Dismiss  .     A - +0 cloak
rCorr  .         Reflect  .     q - +0 pair of gloves
MR     +....     Harm     .     k - +0 pair of boots
Stlth  +.........               G - amulet "Reonaty" {+Rage +Fly rElec rF+++ Int-2}
                                m - +5 ring of protection
                                t - ring of positive energy

@: heroism, finesse
A: permanent stasis, dig shafts and tunnels, four strong arms, antennae 3
a: Dig, Shaft Self, Heroism, Renounce Religion, Evoke Flight


You were on level 9 of the Dungeon.
You worshipped Okawaru.
Okawaru was greatly pleased with you.
You were not hungry.

You visited 2 branches of the dungeon, and saw 10 of its levels.
You also visited: Sewer.

You collected 680 gold pieces.
You spent 54 gold pieces at shops.

Inventory:

Hand Weapons
 a - a +0 war axe (weapon)
Armour
 b - a +0 scale mail (worn)
 c - a +1 shield (worn)
 k - a +0 pair of boots (worn)
 q - a +0 pair of gloves (worn)
 A - a +0 cloak (worn)
Jewellery
 m - a +5 ring of protection (right hand)
 t - a ring of positive energy (left hand)
 G - the amulet "Reonaty" (around neck) {+Rage +Fly rElec rF+++ Int-2}
   (You found it on level 4 of the Dungeon)

   [amulet of rage]

   It affects your intelligence (-2).
   It renders you almost immune to fire.
   It insulates you from electricity.
   It lets you fly.
   It lets you go berserk.
 P - an uncursed ring of positive energy
 U - an uncursed ring of positive energy
 V - an uncursed ring of resist corrosion {unknown}
Wands
 g - a wand of disintegration (0/24)
 S - a wand of polymorph (4/24)
Scrolls
 d - a scroll of enchant armour
 e - 3 scrolls of recharging
 h - 2 scrolls of magic mapping
 i - 4 scrolls of identify
 n - 3 scrolls of fog
 u - a scroll of amnesia {unknown}
 v - a scroll of noise {unknown}
 w - 3 scrolls of teleportation {unknown}
 x - a scroll of random uselessness
 y - 4 scrolls of remove curse
 z - 3 scrolls of enchant weapon {unknown}
 D - a scroll of blinking {unknown}
 J - a scroll of vulnerability {unknown}
 Q - a scroll of fear {unknown}
 R - a scroll of immolation {unknown}
Potions
 j - a potion of curing
 o - 3 potions of magic
 p - a potion of mutation {unknown}
 s - a potion of agility {unknown}
 B - a potion of heal wounds
 C - a potion of berserk rage {unknown}
 I - a potion of flight
 N - a potion of degeneration {unknown}
 O - a potion of cure mutation {unknown}
Books
 E - a book of Callings

   Spells                             Type                      Level
   a - Summon Small Mammal            Summoning                    1
   b - Call Imp                       Summoning                    2
   c - Call Canine Familiar           Summoning                    3
   d - Summon Guardian Golem          Hexes/Summoning              3
   e - Summon Lightning Spire         Summoning/Air                4
   f - Summon Ice Beast               Ice/Summoning                4
 K - a book of Misfortune

   Spells                             Type                      Level
   a - Confusing Touch                Hexes                        1
   b - Confuse                        Hexes                        3
   c - Gell's Gravitas                Hexes/Translocation          3
   d - Petrify                        Transmutation/Earth          4
   e - Metabolic Englaciation         Hexes/Ice                    5
   f - Yara's Violent Unravelling     Hexes/Transmutation          5
 M - a book of Necromancy

   Spells                             Type                      Level
   a - Pain                           Necromancy                   1
   b - Animate Skeleton               Necromancy                   1
   c - Vampiric Draining              Necromancy                   3
   d - Regeneration                   Charms/Necromancy            3
   e - Animate Dead                   Necromancy                   4
   f - Control Undead                 Necromancy                   4
Comestibles
 f - 7 bread rations
 l - 10 slices of pizza
 r - 4 fruits
 F - 2 meat rations
 H - 2 royal jellies
 L - 5 beef jerkies
 T - 3 chunks of flesh


   Skills:
 - Level 4.0(9.0) Fighting
 - Level 6.3(11.3) Axes
 - Level 4.5(9.5) Armour
 - Level 1.2(6.2) Dodging
 + Level 13.8(18.8) Shields
 - Level 12.0 Invocations


You had 10 spell levels left.
You didn't know any spells.

Dungeon Overview and Level Annotations

Branches:
Dungeon (9/15)             Temple (0/1) D:7            Lair (1/6) D:8
    Orc: D:9-12

Altars:
Ashenzari
Cheibriados
Dithmenos
Elyvilon
Fedhas
Gozag
Hepliaklqana
Makhleb
Nemelex Xobeh
Okawaru
Qazlal
Sif Muna
Trog

Shops:
D:6 =   D:7 :   D:8 [


Innate Abilities, Weirdness & Mutations

You are under a permanent stasis effect.
You can dig through walls and to a lower floor.
Your four strong arms can wield two-handed weapons with a shield.
You have a pair of large antennae on your head. (SInv)


Message History

You block the ice dragon's attack. x2; The ice dragon tramples you.
* * * LOW HITPOINT WARNING * * *
You stumble backwards!
You hit the ice dragon.
The ice dragon is heavily wounded.
You closely miss the ice dragon.
The ice dragon is heavily wounded.
The ice dragon bites you.
* * * LOW HITPOINT WARNING * * *
The ice dragon misses you.
The ice dragon tramples you but does no damage.
You hit the ice dragon but do no damage.
The ice dragon is heavily wounded.
The orc wizard miscasts a cantrip.
You completely miss the ice dragon.
The ice dragon is heavily wounded.
The frost giant gestures at you while chanting.
The bolt of cold hits the ice dragon.
The ice dragon resists.
The bolt of cold hits you!
You die...

######### ## ##....#..## { #.#
#.#.###.#.# {#o#
#..#...#Co###.# ###...s.#{##.#
#. #.#...D.#.'.#.#{ #.
{#.#..@).####.#{#{ #.
#..#.((#..# #.#.# #.
#.#.###.#.# #.#.#{{#.
##..#))..##{{ #.##{ #.
#####)###############.
#.........#...#.#...#.
#....#....#.#.#.#.#.#.
#..<.#..#...#..#...#...#.#.
#####....#.........#...#...#.#.


You could see a frost giant, an ice dragon, a wolf spider and an orc wizard.

Vanquished Creatures
  A cyclops (D:9)
  The ghost of Naow the Blocker, a novice FoFi of Okawaru (D:6)
  Joseph (D:8)
  A hornet (D:9)
  A vampire (D:9)
  A wraith (D:9)
  3 hogs (D:7)
  2 yaks
  A human (D:7)
  3 porcupines (D:8)
  8 orc warriors
  2 black bears
  5 ice beasts
  5 ogres
  2 sky beasts
  2 phantoms
  6 centaurs
  A big kobold (D:3)
  5 bullfrogs
  A gnoll sergeant (D:8)
  A water moccasin zombie (D:7)
  2 scorpions
  5 killer bees (D:8)
  3 wights
  2 bullfrog zombies (D:5)
  A bullfrog skeleton (D:9)
  3 hounds
  A quasit (D:6)
  A centaur skeleton (D:4)
  7 orc priests
  3 gnoll shamans (D:6)
  2 jellies
  An iguana (D:9)
  13 orc wizards
  5 worker ants
  A hound zombie (D:7)
  A howler monkey zombie (D:5)
  40 gnolls
  A river rat (D:8)
  13 adders
  2 shadow imps (D:5)
  11 oozes (Sewer)
  An adder zombie (D:8)
  3 worms
  2 dart slugs
  13 leopard geckos
  48 orcs
  12 bats
  22 giant cockroaches
  14 goblins
  4 hobgoblins
  22 jackals
  3 quokkas
  10 ball pythons
  13 frilled lizards
  5 kobolds
  A quokka zombie (D:6)
  15 rats
359 creatures vanquished.

Vanquished Creatures (others)
  An orc wizard (D:9)
  A quokka (D:6)
2 creatures vanquished.

Grand Total: 361 creatures vanquished

Notes
Turn   | Place    | Note
-------+----------+-------------------------------------------
     0 | D:1      | Naow the Formicid Fighter began the quest for the Orb.
     0 | D:1      | Reached XP level 1. HP: 18/18 MP: 1/1
    55 | D:1      | Reached XP level 2. HP: 8/24 MP: 2/2
   404 | D:1      | Reached XP level 3. HP: 27/29 MP: 3/3
   522 | D:1      | Reached skill level 4 in Shields
   672 | D:2      | Found a burning altar of Makhleb.
   785 | D:2      | Reached XP level 4. HP: 35/35 MP: 4/4
   853 | D:2      | Found a snail-covered altar of Cheibriados.
  1388 | D:3      | Reached XP level 5. HP: 36/42 MP: 5/5
  1571 | D:3      | Found a shattered altar of Ashenzari.
  1616 | D:3      | Noticed a big kobold
  1634 | D:3      | Killed a big kobold
  1634 | D:3      | Reached skill level 1 in Dodging
  1634 | D:3      | Reached XP level 6. HP: 27/48 MP: 6/6
  2358 | D:4      | Reached skill level 5 in Shields
  2410 | D:4      | Reached XP level 7. HP: 45/54 MP: 7/7
  2554 | D:4      | Found an iron altar of Okawaru.
  2555 | D:4      | Found a deep blue altar of Sif Muna.
  2589 | D:4      | Became a worshipper of Warmaster Okawaru
  2624 | D:4      | Found a glowing drain.
  2652 | Sewer    | Entered a sewer
  2695 | Sewer    | Reached skill level 5 in Axes
  2977 | Sewer    | Reached skill level 6 in Shields
  3027 | D:4      | Got a twitching iron amulet
  3036 | D:4      | Found a sparkling altar of Nemelex Xobeh.
  3114 | D:4      | Found a sparkling altar of Nemelex Xobeh.
  3115 | D:4      | Found an opulent altar of Gozag.
  3238 | D:5      | Entered Level 5 of the Dungeon
  3251 | D:5      | Reached XP level 8. HP: 36/60 MP: 8/8
  3258 | D:5      | Found a blossoming altar of Fedhas.
  3386 | D:5      | Reached * piety under Okawaru
  3386 | D:5      | Reached skill level 7 in Shields
  3500 | D:5      | Reached skill level 1 in Invocations
  3771 | D:5      | Reached skill level 5 in Invocations
  3772 | D:5      | Identified the amulet "Reonaty" {+Rage +Fly rElec rF+++ Int-2} (You found it on level 4 of the Dungeon)
  3947 | D:6      | Reached ** piety under Okawaru
  3947 | D:6      | Reached XP level 9. HP: 29/65 MP: 11/13
  3957 | D:6      | Found Jauc's Jewellery Boutique.
  4070 | D:6      | Noticed Naow's ghost (novice FoFi)
  4080 | D:6      | Killed Naow's ghost
  4082 | D:6      | Reached *** piety under Okawaru
  4095 | D:6      | Found a white marble altar of Elyvilon.
  4157 | D:6      | Noticed a moth of wrath
  4212 | D:6      | Found a bloodstained altar of Trog.
  4275 | D:6      | Found a stormy altar of Qazlal.
  4338 | D:6      | Reached skill level 10 in Invocations
  4813 | D:6      | Reached XP level 10. HP: 71/71 MP: 18/18
  4975 | D:6      | Found a shadowy altar of Dithmenos.
  5410 | D:7      | Found a staircase to the Ecumenical Temple.
  5592 | D:7      | Found Fevic's Book Shop.
  5677 | D:7      | Reached skill level 8 in Shields
  5715 | D:7      | Reached **** piety under Okawaru
  5722 | D:7      | Reached skill level 9 in Shields
  5977 | D:7      | Reached skill level 10 in Shields
  6547 | D:8      | Found a staircase to the Lair.
  6590 | D:8      | Received a gift from Okawaru
  6596 | D:8      | Reached skill level 11 in Shields
  6709 | D:8      | Found Plog's Armour Emporium.
  6709 | D:8      | Noticed Joseph
  6722 | D:8      | Reached XP level 11. HP: 54/77 MP: 18/20
  6773 | D:8      | Killed Joseph
  7097 | D:8      | Bought a +0 pair of gloves for 54 gold pieces
  7126 | D:8      | Reached skill level 12 in Shields
  7183 | D:8      | Reached ***** piety under Okawaru
  7430 | Lair:1   | Entered Level 1 of the Lair of Beasts
  7712 | D:9      | Reached skill level 13 in Shields
  7752 | D:9      | Found a hazy altar of Hepliaklqana.
  8541 | D:9      | Noticed a cyclops
  8569 | D:9      | Killed a cyclops
  8831 | D:9      | Noticed an ice dragon
  8833 | D:9      | Noticed a wolf spider
  8834 | D:9      | Noticed a frost giant
  8847 | D:9      | Killed from afar by a frost giant

Vault maps used:
D:1:      zelgadis_glass_arrival_small
D:2:      old_standard_altar, nicolae_overflow_crystal_walls, st_stairs_5
D:3:      ashenzari_conservatory_becter
D:4:      kennysheep_the_goblin_king, grunt_temple_overflow_opulence,
          grunt_temple_overflow_open, portal_sewer_entry_f,
          nemelex_spade_bored_becter
D:5:      fedhas_altar_2, first_bread
D:6:      lemuel_castle_with_subvaults, tgw_trog,
          nicolae_dithmenos_shadow_blocks, elyvilon_altar_4, basic_altar,
          serial_shops, shop
D:7:      serial_shops, shop, grunt_livestock, nrook_loot_triangle
D:8:      dpeg_lair_monsters, special_room, serial_shops, nicolae_shop_stone,
          uniq_joseph
D:9:      old_standard_altar, minmay_the_grid_2x2
Lair:1:   serial_bayou_crossing, infiniplex_staircase_pool_2
Sewer:    sewer_frog_island_02

Skill      XL: |  1  2  3  4  5  6  7  8  9 10 11 |
---------------+----------------------------------+-----
Shields        | 4 5 6 7 11 13 | 13.8
Axes           | 3 4 5 6 |  6.3
Armour         | 4 |  4.5
Fighting       | 4 |  4.0
Dodging        | 1 |  1.2
Invocations    | 6 11 12 | 12.0

Action                   |  1- 3 |  4- 6 |  7- 9 | 10-12 || total
-------------------------+-------+-------+-------+-------++-------
Melee: War axe           |    88 |   122 |   519 |   680 ||  1409
       Unarmed           |       |       |       |    11 ||    11
Invok: Heroism           |       |       |     7 |    18 ||    25
       Finesse           |       |       |       |     1 ||     1
  Use: Potion            |       |     2 |       |    10 ||    12
       Scroll            |       |     6 |       |     2 ||     8
  Eat: Chunk             |       |     5 |     9 |    14 ||    28
       Fruit             |       |       |       |     1 ||     1
Armor: Scale mail        |    52 |    48 |   227 |   177 ||   504
Dodge: Dodged            |    38 |    50 |   218 |   233 ||   539
Block: Shield            |    65 |    70 |   347 |   480 ||   962
